 Dungeon Crawl Stone Soup version 0.20-a0-1018-ge435b50 (webtiles) character file.

126 Monsterracer the Spear-Bearer (level 5, -3/45 HPs)
             Began as a Merfolk Skald on Apr 17, 2017.
             Was a Follower of Sif Muna.
             Slain by Sigmund
             ... wielding a +0 scythe
              (4 damage)
             ... on level 2 of the Dungeon.
             The game lasted 00:06:42 (2223 turns).

Monsterracer the Spear-Bearer (Merfolk Skald)       Turns: 2223, Time: 00:06:43

Health: -3/45      AC:  4    Str: 11    XL:     5   Next: 10%
Magic:  0/8        EV: 15    Int: 14    God:    Sif Muna [*.....]
Gold:   88         SH:  0    Dex: 13    Spells: 2/8 levels left

rFire    . . .     SeeInvis .   a - +0 spear
rCold    . . .     Gourm    .   (no shield)
rNeg     . . .     Faith    .   b - +0 leather armour
rPois    .         Spirit   .   (no helmet)
rElec    .         Reflect  .   (no cloak)
rCorr    .         Harm     .   n - +0 pair of gloves
MR       .....                  (no boots)
Stlth    +.........             (no amulet)
Regen    0.2/turn               (no ring)
MPRegen  0.2/turn               (no ring)

@: infused, singing, very slightly contaminated
A: change form in water, swift swim, stealthy swim
a: Divine Energy, Renounce Religion


You were on level 2 of the Dungeon.
You worshipped Sif Muna.
Sif Muna was aware of your devotion.
You were hungry.

You visited 1 branch of the dungeon, and saw 3 of its levels.

You collected 88 gold pieces.

Inventory:

Hand Weapons
 a - a +0 spear (weapon)
Armour
 b - a +0 leather armour (worn)
 n - a +0 pair of gloves (worn)
Scrolls
 e - 4 scrolls of identify {unknown}
 g - a scroll of recharging {unknown}
 h - a scroll of blinking {unknown}
 k - a scroll of fear {unknown}
 l - 2 scrolls of remove curse {unknown}
 m - a scroll of enchant armour {unknown}
 o - a scroll of noise {unknown}
 q - a scroll of amnesia {unknown}
Books
 c - a book of Battle

   Spells                             Type                      Level
   a - Infusion                       Charms                       1
   b - Shroud of Golubria             Charms/Translocation         2
   c - Song of Slaying                Charms                       2
   d - Spectral Weapon                Hexes/Charms                 3
   e - Regeneration                   Charms/Necromancy            3
Comestibles
 d - a bread ration
 f - 4 fruits
 j - 3 royal jellies
 r - 3 chunks of flesh


   Skills:
 + Level 5.6 Fighting
 * Level 10.8 Polearms
 - Level 0.6 Armour
 + Level 6.8 Dodging
 - Level 2.0 Spellcasting
 - Level 6.0 Charms


You had 2 spell levels left.
You knew the following spells:

 Your Spells              Type           Power        Failure   Level  Hunger
a - Infusion              Chrm           ###.         2%          1    ##.....
b - Song of Slaying       Chrm           ###.....     4%          2    ###....
c - Spectral Weapon       Hex/Chrm       #.......     28%         3    ####...


Dungeon Overview and Level Annotations

Branches:
Dungeon (3/15)

Altars:
Elyvilon
Sif Muna
Yredelemnul

Annotations:
D:2 Sigmund


Message History

* * * LOW HITPOINT WARNING * * *
The orc hits your spectral weapon.
Your spectral weapon shares its damage with you!
* * * LOW HITPOINT WARNING * * *
You completely miss the adder.
The adder is moderately wounded.
Your spectral weapon barely misses the adder.
Something hits you!
* * * LOW HITPOINT WARNING * * *
The adder completely misses you.
Casting: Song of Slaying
Confirm with . or Enter, or press ? or * to list all spells.
You begin infusing your attacks with magical energy.
The adder completely misses you.
The orc barely misses your spectral weapon.
You miss the adder.
The adder is moderately wounded.
Your spectral weapon closely misses the adder.
The adder closely misses you. Something hits you.
You die...

##.###..###.###..........#....#..
...............#.........#....#..
..............................#..
##............................#..
...####.....#................(#..
...#####....#.....>........####..
............#...o.<........#####.
#.........#.#...S(...............
#...........#...@................
#...........#............##......
#...........#............##......
#...........#............##......
########....#............##......
#....#............##......
####.#.......#############
####### #†#.......# ......#
###.######..#


You could see an adder, an orc and a friendly spectral spear.

Vanquished Creatures
  An orc wizard (D:2)
  An adder (D:2)
  An ooze (D:2)
  2 worms (D:2)
  2 dart slugs
  7 goblins
  3 hobgoblins (D:1)
  4 jackals (D:2)
  4 kobolds
  A quokka (D:2)
  5 bats
  2 frilled lizards (D:2)
  2 rats
35 creatures vanquished.

Notes
Turn   | Place    | Note
-------+----------+-------------------------------------------
     0 | D:1      | Monsterracer the Merfolk Skald began the quest for the Orb.
     0 | D:1      | Reached XP level 1. HP: 16/16 MP: 3/3
     6 | D:1      | Noticed a queen ant
     6 | D:1      | Noticed a basilisk
     7 | D:1      | Noticed a stone giant
     7 | D:1      | Noticed a hell rat
   395 | D:1      | Reached skill level 4 in Polearms
   395 | D:1      | Reached XP level 2. HP: 18/22 MP: 5/5
  1157 | D:2      | Reached skill level 5 in Polearms
  1157 | D:2      | Reached XP level 3. HP: 25/27 MP: 6/6
  1341 | D:2      | Found a white marble altar of Elyvilon.
  1427 | D:2      | Found a faded altar of an unknown god.
  1429 | D:2      | Became a worshipper of Sif Muna the Loreminder
  1429 | D:2      | Reached * piety under Sif Muna
  1606 | D:2      | Reached skill level 5 in Fighting
  1606 | D:2      | Reached skill level 10 in Polearms
  1606 | D:2      | Reached XP level 4. HP: 39/39 MP: 7/7
  1610 | D:2      | Learned a level 2 spell: Song of Slaying
  1614 | D:2      | Learned a level 3 spell: Spectral Weapon
  1781 | D:2      | Found a basalt altar of Yredelemnul.
  2006 | D:3      | Noticed Sigmund
  2030 | D:2      | Reached XP level 5. HP: 37/45 MP: 8/8
  2213 | D:2      | HP: 1/45 [something (13)]
  2219 | D:2      | HP: 1/45 [something (7)]
  2223 | D:2      | Slain by Sigmund

Vault maps used:
D:1:      onia_arrival_zoo_common
D:2:      kennysheep_ying_yang, chequers_ecumenical_altar_twisty
D:3:      columned_hall_lemuel, uniq_sigmund

Skill      XL: |  1  2  3 |
---------------+----------+-----
Polearms       | 4 5 10 | 10.8
Fighting       | 5 |  5.6
Dodging        | 6 |  6.8
Charms         | 6 |  6.0
Armour         | |  0.6
Spellcasting   | |  2.0

Action                   |  1- 3 |  4- 6 || total
-------------------------+-------+-------++-------
Melee: Spear             |   102 |    61 ||   163
 Cast: Infusion          |     1 |     1 ||     2
       Song of Slaying   |       |     2 ||     2
       Spectral Weapon   |       |     1 ||     1
  Use: Potion            |     4 |     3 ||     7
 Stab: Sleeping          |     1 |       ||     1
  Eat: Chunk             |     1 |     2 ||     3
       Fruit             |       |     1 ||     1
Armor: Leather armour    |    16 |     5 ||    21
Dodge: Dodged            |    48 |    24 ||    72
